 Dungeon Crawl Stone Soup version 0.25.0-45-g978344163c (webtiles) character file.

Game seed: 7623186241341345043

161 Aviak the Chiller (level 5, 39/39 HPs)
             Began as a Demonspawn Ice Elementalist on July 12, 2020.
             Quit the game on level 3 of the Dungeon.
             The game lasted 00:03:16 (2930 turns).

Aviak the Chiller (Demonspawn Ice Elementalist)     Turns: 2930, Time: 00:03:17

Health: 39/39      AC:  3    Str: 15    XL:     5   Next: 18%
Magic:  2/9        EV: 12    Int: 17    God:
Gold:   64         SH:  0    Dex: 13    Spells: 6/10 levels left

rFire    . . .     SeeInvis .   l - +0 dagger
rCold    . . .     Gourm    .   (no shield)
rNeg     . . .     Faith    .   a - +0 robe
rPois    .         Spirit   .   b - +0 helmet
rElec    .         Reflect  .   (no cloak)
rCorr    .         Harm     .   (no gloves)
MR       .....                  (no boots)
Stlth    ++........             (no amulet)
HPRegen  0.13/turn              n - ring of wizardry
MPRegen  0.11/turn              r - +6 ring of strength

@: frozen ramparts
A: claws 1, spiny 1
a: no special abilities


You were on level 3 of the Dungeon.
You were hungry.

You visited 1 branch of the dungeon, and saw 3 of its levels.

You collected 64 gold pieces.

Inventory:

Hand Weapons
 l - a +0 dagger (weapon)
Armour
 a - a +0 robe (worn)
 b - a +0 helmet (worn)
Jewellery
 n - a ring of wizardry (left claw)
 r - a +6 ring of strength (right claw)
 t - an uncursed ring of see invisible {unknown}
Wands
 v - a wand of random effects (20)
Scrolls
 e - 2 scrolls of teleportation {unknown}
 f - 6 scrolls of identify {unknown}
 g - 2 scrolls of enchant armour {unknown}
 h - 2 scrolls of fear {unknown}
 i - a scroll of amnesia {unknown}
 j - a scroll of remove curse {unknown}
 k - 2 scrolls of fog {unknown}
 u - a scroll of random uselessness {unknown}
Potions
 d - a potion of lignification {unknown}
 m - a potion of heal wounds {unknown}
 o - a potion of degeneration {unknown}
 p - a potion of brilliance {unknown}
 q - a potion of stabbing {unknown}
 s - a potion of haste {unknown}
Comestibles
 c - 7 rations


   Skills:
 + Level 2.5 Fighting
 - Level 1.7 Dodging
 - Level 1.7 Stealth
 + Level 3.3 Spellcasting
 + Level 4.5 Ice Magic


You had 6 spell levels left.
You knew the following spells:

 Your Spells              Type           Power        Failure   Level  Hunger
a - Freeze                Ice            ###.         1%          1    None
b - Frozen Ramparts       Ice            ###...       3%          3    ###....

Your spell library contained the following spells:

 Spells                   Type           Power        Failure   Level  Hunger
 Ozocubu's Armour         Chrm/Ice       ##......     9%          3    ###....
 Hailstorm                Conj/Ice       ##......     26%         4    ####...
 Summon Ice Beast         Ice/Summ       ##......     26%         4    ####...


Dungeon Overview and Level Annotations

Branches:
Dungeon (3/15)

Altars:
Ashenzari
Okawaru


Innate Abilities, Weirdness & Mutations

You have sharp fingernails.
You are partially covered in sharp spines.


Message History

Casting: Freeze (safe; 1% risk of failure)
Confirm with . or Enter, or press ? or * to list all spells.
Aiming: Freeze (safe; 1% risk of failure)
Press: ? - help, Shift-Dir - straight line, f - orc wizard
Aim: an orc wizard, wielding a +0 dagger and wearing a +0 robe (moderately wounded)
You freeze the orc wizard!
The orc wizard is almost dead.
The wall freezes the orc wizard.
The orc wizard hits you but does no damage.
Casting: Freeze (safe; 1% risk of failure)
Confirm with . or Enter, or press ? or * to list all spells.
Aiming: Freeze (safe; 1% risk of failure)
Press: ? - help, Shift-Dir - straight line, f/p - orc wizard
Aim: an orc wizard, wielding a +0 dagger and wearing a +0 robe (almost dead)
You freeze the orc wizard.
You kill the orc wizard!
You have reached level 5!
Your demonic ancestry asserts itself...
Sharp spines emerge from parts of your body.
Are you sure you want to abandon this character and quit the game? (Confirm with "yes".)

#..#..............###.#
#....##.###.###.### #.#
#..####.# #.# #.#####.#
#.......# #.# #.......#
#.......# #.# #########
######### #.# #.#
#########.# #.!..))@..#
#.#######.# #.# ...
...# !<.# ##..# ...


There were no monsters in sight!

Vanquished Creatures
  3 orc wizards (D:3)
  2 adders (D:2)
  2 worms
  A dart slug (D:2)
  A leopard gecko (D:1)
  8 orcs (D:3)
  3 giant cockroaches
  5 goblins
  4 hobgoblins
  4 jackals (D:1)
  2 kobolds
  A quokka (D:2)
  3 bats
  5 frilled lizards
  7 rats
51 creatures vanquished.

Notes
Turn   | Place    | Note
-------+----------+-------------------------------------------
     0 | D:1      | Aviak the Demonspawn Ice Elementalist began the quest for
                  | the Orb.
     0 | D:1      | Reached XP level 1. HP: 13/13 MP: 3/3
   201 | D:1      | Gained mutation: You have sharp fingernails. [demonic
                  | ancestry]
   201 | D:1      | Reached XP level 2. HP: 11/20 MP: 0/5
   395 | D:1      | Reached skill level 1 in Fighting
  1404 | D:2      | Reached XP level 3. HP: 8/26 MP: 0/6
  1428 | D:2      | Learned a level 3 spell: Frozen Ramparts
  1516 | D:2      | Reached skill level 4 in Ice Magic
  2000 | D:2      | Found an iron altar of Okawaru.
  2061 | D:2      | Found a shattered altar of Ashenzari.
  2277 | D:3      | Reached XP level 4. HP: 24/33 MP: 4/8
  2929 | D:3      | Gained mutation: You are partially covered in sharp spines.
                  | [demonic ancestry]
  2929 | D:3      | Reached XP level 5. HP: 39/39 MP: 2/9
  2930 | D:3      | Quit the game

Illustrated notes

Levels and vault maps discovered:
D:1:      roderic_chinese_lattice_arrival, layout_basic
D:2:      layout_rooms, overflow_temple_1_default, evilmike_ruin_ashenzari
D:3:      layout_loops_corners, uniq_natasha

Skill      XL: |  1  2  3  4 |
---------------+-------------+-----
Fighting       | 1 2 |  2.5
Ice Magic      | 4 |  4.5
Spellcasting   | 3 |  3.3
Dodging        | |  1.7
Stealth        | |  1.7

Action                   |  1- 3 |  4- 6 || total
-------------------------+-------+-------++-------
Melee: Unarmed           |    59 |       ||    59
       Dagger            |    62 |    20 ||    82
 Cast: Freeze            |    28 |     6 ||    34
       Frozen Ramparts   |     6 |     5 ||    11
 Stab: Sleeping          |     5 |       ||     5
  Eat: Chunk             |     5 |     2 ||     7
Armor: Robe              |    39 |     8 ||    47
Dodge: Dodged            |   102 |    13 ||   115
